AoeStats
← kingTito7781

Arena

509027799Analyzed
3v3 RM · 8d ago on Sep 25, 2026· 61m 58s· 6 players
Game mode
Random Map
Map size
Normal (6 player)
Population
200
Speed
Normal
Resources
Standard
Victory
Conquest
Starting age
Dark Age
Ending age
Imperial Age
RankedLock teamsTeams togetherTeam positionsShared explorationLock speedFull tech treeHidden civsTurbo modeCheats
Victory
Defeat
🇧🇴 Danes · Bolivia
825
+15
🇦🇹 Franks · Austria
795
+16
🇨🇱 Spanish · Chile
731
+19
🇨🇱 Franks · Chile
844
-19
🇨🇱 Mongols · Chile
798
-17
🇨🇱 Goths · Chile
744
-14
mauri90.hermosilla
7:28 Loom
11:02 Feudal Age
14:51 Castle Age
13:43 Stone Mining
18:10 Double-Bit Axe
20:57 Fletching
21:24 Murder Holes
24:54 Ballistics
26:23 Fervor
27:42 Gold Mining
30:11 Pikeman
30:59 Squires
31:30 Caravan
33:07 Wheelbarrow
36:20 Horse Collar
36:51 Bow Saw
37:39 Hand Cart
38:56 Forging
39:24 Heavy Plow
39:41 Husbandry
39:52 Bloodlines
45:54 Imperial Age
45:34 Iron Casting
45:04 Scale Barding Armor
46:21 Bodkin Arrow
46:27 Scale Mail Armor
45:51 Man-at-Arms
46:18 Gambesons
46:41 Cavalier
49:08 Blast Furnace
48:29 Chain Barding Armor
48:14 Bracer
48:33 Chain Mail Armor
50:09 Chemistry
50:55 Stone Shaft Mining
51:27 Plate Barding Armor
51:25 Plate Mail Armor
51:00 Bracer
51:43 Conscription
52:45 Paladin
53:51 Elite Conquistador
56:10 Padded Archer Armor
56:24 Fortified Wall
59:31 Halberdier
60:33 Leather Archer Armor
Dr. Krauss
3:22 Loom
12:12 Feudal Age
15:01 Double-Bit Axe
15:05 Horse Collar
17:30 Forging
16:43 Man-at-Arms
17:10 Arson
18:22 Wheelbarrow
23:37 Castle Age
25:19 Squires
25:16 Fletching
25:28 Scale Mail Armor
26:15 Bow Saw
29:29 Thumb Ring
34:19 Chain Mail Armor
34:00 Bodkin Arrow
38:25 Iron Casting
41:19 Gambesons
46:46 Imperial Age
Law
3:57 Loom
11:51 Feudal Age
13:04 Double-Bit Axe
14:45 Gold Mining
17:16 Wheelbarrow
19:13 Castle Age
17:49 Scale Mail Armor
17:55 Stone Mining
18:48 Scale Barding Armor
21:10 Bow Saw
23:45 Hand Cart
24:28 Gold Shaft Mining
24:50 Husbandry
25:30 Caravan
26:03 Coinage
32:13 Imperial Age
31:45 Chain Barding Armor
32:43 Cavalier
37:48 Banking
37:10 Ordonnance Companies
38:16 Paladin
39:37 Plate Barding Armor
39:18 Chain Mail Armor
43:03 Pikeman
43:44 Squires
43:30 Arson
46:03 Halberdier
47:14 Chain Mail Armor
47:01 Padded Archer Armor
46:51 Fletching
47:12 Forging
elsapokM
12:09 Feudal Age
16:05 Castle Age
17:27 Wheelbarrow
18:00 Stone Mining
24:15 Double-Bit Axe
26:52 Bow Saw
26:35 Horse Collar
28:36 Hand Cart
28:27 Heavy Plow
29:38 Anarchy
30:50 Gold Mining
34:51 Forging
34:41 Scale Mail Armor
40:40 Chain Mail Armor
41:00 Iron Casting
49:52 Imperial Age
49:24 Pikeman
50:04 Squires
50:21 Halberdier
51:12 Perfusion
Nergal9964
12:26 Feudal Age
13:43 Loom
17:59 Wheelbarrow
20:31 Castle Age
18:27 Double-Bit Axe
22:16 Stone Mining
22:17 Gold Mining
22:42 Bow Saw
24:46 Stone Shaft Mining
25:07 Fletching
25:18 Padded Archer Armor
33:30 Hand Cart
44:59 Murder Holes
45:20 Fortified Wall
50:42 Imperial Age
47:36 Pikeman
48:17 Squires
52:06 Leather Archer Armor
51:46 Bodkin Arrow
51:53 Scale Mail Armor
52:04 Forging
55:10 Man-at-Arms
56:06 Chain Mail Armor
56:27 Iron Casting
57:37 Conscription
59:32 Chemistry
61:24 Elite Mangudai
kingTito7781
13:17 Feudal Age
13:20 Man-at-Arms
14:15 Double-Bit Axe
15:00 Arson
16:13 Wheelbarrow
18:46 Forging
20:06 Gold Mining
22:40 Scale Mail Armor
26:12 Castle Age
24:45 Stone Mining
27:36 Husbandry
28:02 Hand Cart
33:52 Scale Barding Armor
34:06 Bow Saw
35:34 Iron Casting
45:53 Imperial Age
47:23 Gold Shaft Mining
48:55 Chain Mail Armor
48:31 Pikeman
53:02 Loom
59:28 Squires
Connection lost

Rejoining the realm…

Still unreachable

The connection could not be restored.

Session expired

The server has moved on; the page needs a fresh start.